 Dungeon Crawl Stone Soup version 0.27-a0-1189-gb8eb6cee8e (webtiles) character file.

Game seed: 2563928092442598579

8120 Armakuni the Protected (level 11, -8/87 HPs)
             Began as a Human Artificer on May 22, 2021.
             Was an Initiate of Gozag.
             Mangled by an ice beast (11 damage)
             ... summoned by Fannar
             ... on level 10 of the Dungeon.
             The game lasted 00:30:22 (11467 turns).

Armakuni the Protected (Human Artificer)           Turns: 11467, Time: 00:30:23

Health: -8/87      AC:  8    Str: 14    XL:     11   Next: 49%
Magic:  12/12      EV: 15    Int: 14    God:    Gozag
Gold:   329        SH:  5    Dex: 13    Spells: 4/12 levels left

rFire    + . .     SeeInvis .   c - +4 scimitar (freeze)
rCold    . . .     Faith    .   r - +0 buckler {rPois}
rNeg     . . .     Spirit   .   t - +2 leather armour {rF+}
rPois    +         Reflect  .   (no helmet)
rElec    .         Harm     .   l - +0 cloak {rPois}
rCorr    .         Rampage  .   d - +0 pair of gloves
Will     .....                  (no boots)
Stlth    +.........             M - amulet of magic regeneration
HPRegen  0.24/turn              S - +4 ring of slaying
MPRegen  0.38/turn              W - ring of wizardry

@: no status effects
A: no striking features
a: Renounce Religion, Potion Petition, Call Merchant, Bribe Branch


You were on level 10 of the Dungeon.
You worshipped Gozag.
Gozag was aware of your devotion.
You visited 3 branches of the dungeon, and saw 12 of its levels.

You collected 1594 gold pieces.
You spent 628 gold pieces at shops.
You paid 637 gold pieces to Gozag.

Inventory:

Hand Weapons
 b - a +1 dagger of electrocution
 c - a +4 scimitar of freezing (weapon)
 g - a +0 quarterstaff
 u - a +5 long sword of draining
Missiles
 h - 29 boomerangs (quivered)
Armour
 d - a +0 pair of gloves (worn)
 l - a +0 cloak of poison resistance (worn)
 r - a +0 buckler of poison resistance (worn)
 t - a +2 leather armour of fire resistance (worn)
Jewellery
 F - a ring of fire
 J - a ring of ice
 M - an amulet of magic regeneration (around neck)
 S - a +4 ring of slaying (left hand)
 W - a ring of wizardry (right hand)
Wands
 f - a wand of flame (5)
 k - a wand of digging (11)
 p - a wand of polymorph (5)
Scrolls
 a - a scroll of blinking
 n - a scroll of fog
 o - 2 scrolls of amnesia
 v - a scroll of vulnerability
 y - 2 scrolls of teleportation
Potions
 e - 2 potions of haste
 i - a potion of attraction {unknown}
 j - a potion of resistance
 m - a potion of flight
 q - a potion of might
 w - 6 potions of curing
 A - 2 potions of lignification {unknown}
Miscellaneous
 x - a piece from Xom's chessboard (1/15)


   Skills:
 + Level 8.3 Fighting
 - Level 2.0(3.6) Short Blades
 - Level 4.7(5.0) Long Blades
 - Level 1.5 Maces & Flails
 + Level 8.4 Armour
 + Level 8.3 Dodging
 - Level 1.0 Stealth
 - Level 4.0 Shields
 - Level 1.0 Spellcasting
 - Level 4.5 Summonings
 - Level 0.4 Air Magic
 - Level 5.0 Evocations


You had 4 spell levels left.
You knew the following spells:

 Your Spells              Type           Power      Damage    Failure   Level
a - Apportation           Tloc           0%         N/A       12%         1
c - Call Canine Familiar  Summ           13%        N/A       6%          3
l - Summon Lightning Spi  Summ/Air       7%         N/A       38%         4

Your spell library contained the following spells:

 Spells                   Type           Power      Damage    Failure   Level
 Summon Small Mammal      Summ           52%        N/A       1%          1
 Call Imp                 Summ           13%        N/A       3%          2
 Summon Guardian Golem    Hex/Summ       7%         N/A       16%         3
 Lesser Beckoning         Tloc           0%         N/A       34%         3
 Tukima's Dance           Hex            0%         N/A       34%         3
 Summon Ice Beast         Ice/Summ       7%         N/A       43%         4
 Alistair's Intoxication  Tmut/Pois      0%         N/A       96%         5
 Invisibility             Hex            0%         N/A       100%        6


Dungeon Overview and Level Annotations

Branches:
Dungeon (10/15)            Temple (1/1) D:7            Lair (0/6) D:10
    Orc (1/2) D:9

Altars:
Ashenzari
Cheibriados
Dithmenos
Fedhas
Gozag
Hepliaklqana
Kikubaaqudgha
Makhleb
Nemelex Xobeh
Okawaru
Qazlal
Ru
Sif Muna
Trog
Uskayaw
Vehumet
Wu Jian
Xom
Yredelemnul
Zin
The Shining One
Beogh

Shops:
D:10 [

Annotations:
D:10 Fannar


Message History

Fannar struggles against the net.
You catch the helpless Fannar completely off-guard!
You hit Fannar but do no damage.
Fannar is lightly wounded.
Fannar mumbles some strange words.
Fannar blinks!
Fannar mumbles some strange words.
You block Fannar's attack.
You barely miss Fannar.
Fannar is lightly wounded.
Fannar hits you with a +0 quarterstaff of freezing!
Fannar freezes you.
You slash Fannar! You freeze Fannar.
Fannar is moderately wounded.
Fannar mumbles some strange words.
The ice beast hits you but does no damage.
You hit Fannar but do no damage.
Fannar is moderately wounded.
Fannar points at you and mumbles some strange words.
The bolt of cold hits you! The ice beast barely misses you. x2
You hit Fannar.
Fannar is moderately wounded.
Fannar gestures at you while chanting. The bolt of cold hits you!!
* * * LOW HITPOINT WARNING * * *
The ice beast misses you. The ice beast barely misses you.
You miss Fannar.
Fannar is moderately wounded.
You block Fannar's attack. You block the ice beast's attack.
The ice beast hits you.
* * * LOW HITPOINT WARNING * * *
The ice beast freezes you!
* * * LOW HITPOINT WARNING * * *
You slash Fannar!
Fannar is heavily wounded.
Fannar hits you but does no damage. The ice beast hits you.
* * * LOW HITPOINT WARNING * * *
The ice beast freezes you!
You die...
Your body crumbles into a pile of gold.

#.......##### #.......# ##
###'##### #. #.# #.# #.#
##.######## #.#
#...........
##.#######...........#
#####...........Ye.......#
.......#######.Y@........#
######.# #...........# #.#
#...........# #.#
####...........# #.#
#..............# #.#
#>######.###### ##'####
#..# #....# ###'###### ###
#....# #..).....#


You could see Fannar and 2 ice beasts.

Vanquished Creatures
  A two-headed ogre (D:9)
  A centaur warrior (D:8)
  Pikel (D:6)
  An orc knight (Orc:1)
  2 cyclopes (D:8)
  A gargoyle (D:10)
  A troll (Orc:1)
  Sigmund (D:2)
  A wyvern (D:9)
  3 yaks (D:8)
  An acid dragon (D:10)
  A water moccasin (D:6)
  9 orc warriors
  2 ice beasts
  A black bear (D:5)
  6 ogres
  A necrophage (D:6)
  A centaur (D:9)
  2 lemures (D:6)
  2 bullfrogs
  A wyvern zombie (D:6)
  2 scorpions
  14 wights
  3 centaur zombies
  A jelly (D:6)
  A hound (D:5)
  7 orc priests
  A gnoll shaman (D:9)
  6 iguanas
  6 orc wizards
  A scorpion zombie (D:5)
  A hound skeleton (D:4)
  A howler monkey zombie (D:8)
  5 gnolls (D:9)
  7 adders
  A howler monkey skeleton (D:5)
  A white imp (D:6)
  2 ufetubi
  An adder skeleton (D:4)
  4 worms
  6 dart slugs
  40 orcs
  3 bats (D:2)
  3 endoplasms
  2 giant cockroaches
  6 goblins
  6 hobgoblins
  8 jackals
  6 kobolds
  3 quokkas
  6 ball pythons
  A frilled lizard (D:3)
  4 rats
199 creatures vanquished.

Vanquished Creatures (collateral kills)
  A steam dragon (D:8)
  2 necrophages (D:6)
  2 wights (D:8)
  A centaur zombie (D:6)
  An orc wizard (D:8)
  A howler monkey zombie (D:6)
8 creatures vanquished.

Vanquished Creatures (others)
  A wizard (D:6)
  A hornet zombie (D:6)
  A lemure (D:6)
  A wight (D:8)
  A centaur zombie (D:9)
  A jackal (D:1)
  2 bushes (D:6)
  12 plants
  2 withered plants (D:2)
22 creatures vanquished.

Grand Total: 229 creatures vanquished

Notes
Turn   | Place    | Note
-------+----------+-------------------------------------------
     0 | D:1      | Armakuni the Human Artificer began the quest for the Orb.
     0 | D:1      | Reached XP level 1. HP: 15/15 MP: 1/1
   305 | D:1      | Reached XP level 2. HP: 16/21 MP: 2/2
   331 | D:1      | Reached skill level 1 in Maces & Flails
   667 | D:1      | Reached XP level 3. HP: 26/27 MP: 3/3
  1064 | D:2      | Reached skill level 1 in Short Blades
  1140 | D:2      | Noticed Sigmund
  1160 | D:2      | Killed Sigmund
  1161 | D:2      | Reached XP level 4. HP: 25/33 MP: 4/4
  1161 | D:2      | Reached XP level 5. HP: 28/38 MP: 5/5
  1161 | D:2      | Reached XP level 6. HP: 33/44 MP: 6/6
  1666 | D:2      | Found a faded altar of an unknown god.
  2768 | D:3      | Found a snail-covered altar of Cheibriados.
  3435 | D:4      | Learned a level 4 spell: Summon Lightning Spire
  3731 | D:5      | Entered Level 5 of the Dungeon
  3739 | D:5      | Found a shimmering altar of Xom.
  4107 | D:5      | Reached XP level 7. HP: 32/51 MP: 7/7
  4985 | D:6      | Found a blossoming altar of Fedhas.
  5039 | D:6      | Reached XP level 8. HP: 60/60 MP: 8/8
  5482 | D:6      | Found a bloodstained altar of Trog.
  5508 | D:6      | Found a hide-covered altar of Uskayaw.
  5544 | D:6      | Reached skill level 5 in Fighting
  5544 | D:6      | Reached skill level 5 in Armour
  5565 | D:6      | Noticed Pikel
  5605 | D:6      | Killed Pikel
  5606 | D:6      | Reached skill level 5 in Dodging
  5606 | D:6      | Reached skill level 5 in Evocations
  5606 | D:6      | Reached skill level 1 in Spellcasting
  5606 | D:6      | Reached XP level 9. HP: 68/68 MP: 8/10
  5896 | D:6      | Found a shimmering blue altar of Sif Muna.
  6005 | D:6      | Noticed a wizard
  6008 | D:6      | Killed a wizard
  6188 | D:7      | Found a staircase to the Ecumenical Temple.
  6198 | Temple   | Entered the Ecumenical Temple
  6281 | Temple   | Learned a level 3 spell: Call Canine Familiar
  6288 | Temple   | Became a worshipper of Gozag Ym Sagoz the Greedy
  6464 | D:7      | Reached skill level 1 in Long Blades
  6921 | D:8      | Noticed a cyclops
  6942 | D:8      | Killed a cyclops
  7010 | D:8      | Reached XP level 10. HP: 73/74 MP: 11/11
  7256 | D:8      | Noticed a cyclops
  7291 | D:8      | Killed a cyclops
  7597 | D:8      | Found a stormy altar of Qazlal.
  7974 | D:8      | Noticed a centaur warrior
  7994 | D:8      | Killed a centaur warrior
  8438 | D:9      | Identified the +6 whip of Namot {vorpal, *Rage +Blink rF+}
  8449 | D:9      | Noticed a two-headed ogre
  8469 | D:9      | Killed a two-headed ogre
  8483 | D:9      | Found a staircase to the Orcish Mines.
  9084 | D:9      | Reached XP level 11. HP: 84/84 MP: 12/12
  9142 | D:9      | Learned a level 1 spell: Apportation
  9382 | Orc:1    | Entered Level 1 of the Orcish Mines
 10161 | Orc:1    | Found a flagged portal.
 10570 | Orc:1    | Noticed an orc knight
 10584 | Orc:1    | Killed an orc knight
 10897 | D:10     | Entered Level 10 of the Dungeon
 11055 | D:10     | Bought a slimy chain mail for 351 gold pieces
 11055 | D:10     | Identified the +4 chain mail "Diwor" {Fly} (You bought it
                  | in a shop on level 10 of the Dungeon)
 11058 | D:10     | Bought a runed cloak for 277 gold pieces
 11286 | D:10     | Noticed Fannar
 11453 | D:10     | Found a staircase to the Lair.
 11466 | D:10     | HP: 3/87 [ice beast[Fannar] (14)]
 11467 | D:10     | Mangled by an ice beast

Illustrated notes

Levels and vault maps discovered:
D:1:      tarquinn_simple_flora_water_e, layout_basic, serial_glass,
          glass_columns_c, glass_columns_a, minmay_door_square
D:2:      layout_basic, shapermc_ecumenical_altar_flowoftime, st_stairs_9,
          uniq_sigmund
D:3:      layout_rooms, marbit_many_paths, minivault_4
D:4:      layout_gridville
D:5:      cheibrodos_helix_gallery, layout_loops_corners, xom_butterflies
D:6:      layout_basic, fedhas_altar_decomposition, amcnicky_altar_gilded,
          trog_wizard, nicolae_overflow_hidden_temple,
          chequers_serial_rivers_small_b, uniq_pikel
D:7:      layout_rooms, minmay_temple_entry_grid
D:8:      layout_basic, lemuel_crystal_altar, minmay_small_thing
D:9:      layout_roguey, david_orc_5
D:10:     layout_roguey, kennysheep_mini, lair_entry_dummy, uniq_fannar,
          uniq_harold
Temple:   jpeg_temple_clearing
Orc:1:    layout_diamond_mine, enter_bailey_2

Skill      XL: |  1  2  3  4  5  6  7  8  9 10 11 |
---------------+----------------------------------+-----
Maces & Flails | 1 |  1.5
Short Blades   | 2 |  2.0
Shields        | 3 4 |  4.0
Fighting       | 2 3 5 7 8 |  8.3
Dodging        | 2 3 5 7 8 |  8.3
Armour         | 3 5 7 8 |  8.4
Evocations     | 5 |  5.0
Spellcasting   | 1 |  1.0
Summonings     | 2 4 |  4.5
Long Blades    | 4 |  4.7
Stealth        | |  1.0
Air Magic      | |  0.4

Action                   |  1- 3 |  4- 6 |  7- 9 | 10-12 || total
-------------------------+-------+-------+-------+-------++-------
Melee: Club              |    23 |       |       |       ||    23
       Dagger            |    21 |   252 |   165 |       ||   438
       Long sword        |       |       |    10 |   101 ||   111
       Scimitar          |       |       |       |   144 ||   144
Throw: Boomerang         |    22 |     9 |     4 |       ||    35
       Throwing net      |       |       |       |     1 ||     1
Invok: Call Merchant     |       |       |       |     1 ||     1
Evoke: Piece from Xom's  |     6 |     1 |    15 |    10 ||    32
       Wand              |     2 |     4 |    12 |    21 ||    39
  Use: Potion            |     2 |       |     2 |       ||     4
       Scroll            |     4 |    11 |     3 |     4 ||    22
 Stab: Petrified         |     4 |       |     1 |       ||     5
       Confused          |     1 |       |     1 |       ||     2
       Petrifying        |     1 |       |     1 |       ||     2
       Invisible         |     1 |       |       |       ||     1
       Sleeping          |     2 |     1 |     1 |       ||     4
       Paralysed         |       |     1 |     7 |    27 ||    35
       Held in net/web   |       |       |       |     1 ||     1
Armor: Leather armour    |    13 |    48 |    21 |    59 ||   141
Dodge: Dodged            |    24 |   119 |    74 |   120 ||   337
Block: Buckler           |     6 |    49 |    30 |    59 ||   144
       Rpst.: Long sword |       |       |       |    12 ||    12
       Scimitar          |       |       |       |    19 ||    19

Table legend: (Time is in decaauts)
 A = Elapsed time spent in this place.
 B = Non-inter-level travel time spent in this place.
 C = Inter-level travel time spent in this place.
 D = Time resting spent in this place.
 E = Time spent auto-exploring this place.
 F = Levels seen in this place.
 G = Mean time per level.
                   A        B        C        D        E       F      G
               +--------+--------+--------+--------+--------+-----+--------+
         Total |  11498 |  11127 |    371 |   2989 |   5542 |  12 |  958.2 |
       Dungeon |  10642 |  10300 |    342 |   2746 |   5243 |  10 | 1064.2 |
        Temple |    117 |     91 |     26 |      0 |     68 |   1 |  117.0 |
  Orcish Mines |    737 |    734 |      3 |    243 |    231 |   1 |  737.0 |
               +--------+--------+--------+--------+--------+-----+--------+

Top non-repeatable levels by time:
     D:9: 1807 daAuts
     D:8: 1547 daAuts
     D:6: 1240 daAuts
     D:5: 1240 daAuts
     D:1: 1061 daAuts
     D:2: 998 daAuts
     D:4: 887 daAuts
     D:3: 774 daAuts
   Orc:1: 737 daAuts
    D:10: 575 daAuts
     D:7: 509 daAuts
  Temple: 117 daAuts
